 Dungeon Crawl Stone Soup version 0.17-a0-1767-gccbed74 (webtiles) character file.

235755 Kolbur the Phalangite (level 19, 0/155 HPs)
             Began as a Merfolk Ice Elementalist on Sept 5, 2015.
             Was the Champion of Makhleb.
             Slain by an ancient lich (4 damage)
             ... on level 5 of the Vaults on Sept 6, 2015.
             The game lasted 09:12:43 (19304 turns).

Kolbur the Phalangite (Merfolk Ice Elementalist)   Turns: 19304, Time: 09:12:44

Health: 0/155      AC: 18    Str: 10    XL:     19   Next: 18%
Magic:  9/33       EV: 30    Int: 12    God:    Makhleb [******]
Gold:   1563       SH:  0    Dex: 27    Spells: 9 memorised, 3 levels left

rFire  + . .     SeeInvis .     a - +1 bardiche (elec)
rCold  + . .     Clarity  .     R - +3 leather armour
rNeg   . . .     SustAt   +     (no shield)
rPois  .         Gourm    .     m - +2 helmet
rElec  .         Spirit   .     A - +2 cloak {MR+}
rCorr  .         Warding  .     y - +2 pair of gloves {Dex+3}
rMut   .         Stasis   .     D - +2 pair of boots
MR     +++..                    M - amulet of regeneration
Stlth  ++++......               P - ring "Azeyrrupp" {SustAt +Inv MR+ Int-5 Dex+6}
                                f - ring of protection from fire

@: about to teleport, starving, extremely resistant to hostile enchantments,
stealthy
A: change form in water, swift swim, cold resistance 1
a: Minor Destruction, Lesser Servant of Makhleb, Major Destruction, Greater
Servant of Makhleb, Renounce Religion, Evoke Invisibility
}: 2/15 runes: serpentine, barnacled


You were on level 5 of the Vaults.
You worshipped Makhleb.
Makhleb was exalted by your worship.
You were starving.

You visited 6 branches of the dungeon, and saw 37 of its levels.
You also visited: Labyrinth and Bailey.

You collected 1905 gold pieces.
You spent 342 gold pieces at shops.

Inventory:

Hand weapons
 a - a +1 bardiche of electrocution (weapon)
 b - the +9 trident of Hacking and Slashing {freeze, rC+}
   (You found it on level 9 of the Dungeon)

   It has been specially enchanted to freeze those struck by it, causing extra
   injury to most foes and up to half again as much damage against particularly
   susceptible opponents.
   It can also slow down cold-blooded creatures.
   It protects you from cold.
 v - a +0 blowgun
Missiles
 B - 7 curare-tipped needles
 C - 5 poisoned javelins (quivered)
 Q - 15 javelins of penetration
 W - 3 throwing nets
Armour
 m - a +2 helmet (worn)
 y - a +2 pair of gloves of dexterity (worn)
 A - a +2 cloak of magic resistance (worn)
 D - a +2 pair of boots (worn)
 O - a troll hide
 R - a +3 leather armour (worn)
Magical staves
 e - an uncursed staff of energy
Jewellery
 f - a ring of protection from fire (left hand)
 o - an uncursed ring of see invisible
 p - a +4 ring of protection
 r - a +6 ring of intelligence
 t - an uncursed ring of teleportation
 I - an uncursed ring of ice
 M - an amulet of regeneration (around neck)
 P - the ring "Azeyrrupp" (right hand) {SustAt +Inv MR+ Int-5 Dex+6}
   (You found it in a labyrinth)

   [ring of sustain attributes]

   It sustains your strength, intelligence and dexterity.
   It affects your intelligence (-5).
   It affects your dexterity (+6).
   It affects your resistance to hostile enchantments.
   It lets you turn invisible.
Magical devices
 h - a wand of fire (7)
 x - a wand of disintegration (10)
 F - a wand of disintegration (15)
 S - a wand of draining (3)
 Z - a wand of cold (0)
Scrolls
 j - a scroll of brand weapon
 k - 11 scrolls of remove curse
 n - 4 scrolls of recharging
 s - 6 scrolls of magic mapping
 E - a scroll of fear
 H - 2 scrolls of immolation
 Y - a scroll of teleportation
Potions
 g - 9 potions of curing
 l - 2 potions of resistance
 J - a potion of lignification
 T - a potion of brilliance
 V - a potion of cure mutation {unknown}
 X - a potion of magic
Books
 u - Geohaub's Volume of Earth and Transformation
   (You found it in a labyrinth)

   Spells                             Type                      Level
   a - Sandblast                      Earth                        1
   b - Stoneskin                      Transmutation/Earth          2
   c - Passwall                       Transmutation/Earth          3
   d - Leda's Liquefaction            Hexes/Earth                  4
   e - Petrify                        Transmutation/Earth          4
   f - Bolt of Magma                  Conjuration/Fire/Earth       5
   g - Lee's Rapid Deconstruction     Earth                        5
   h - Statue Form                    Transmutation/Earth          6
 w - a book of the Warp

   Spells                             Type                      Level
   a - Recall                         Summoning/Translocation      3
   b - Gell's Gravitas                Hexes/Translocation          3
   c - Force Lance                    Conjuration/Translocation    4
   d - Phase Shift                    Translocation                5
   e - Warp Weapon                    Charms/Translocation         5
   f - Summon Forest                  Summoning/Translocation      5
 L - a book of Enchantments

   Spells                             Type                      Level
   a - Cause Fear                     Hexes                        4
   b - Silence                        Hexes/Air                    5
   c - Deflect Missiles               Charms/Air                   6
   d - Haste                          Charms                       6
   e - Discord                        Hexes                        8
Miscellaneous
 d - a phial of floods (inert)
 q - a fan of gales
Comestibles
 c - 13 bread rations
 i - 24 fruits


   Skills:
 - Level 15.0 Fighting
 + Level 22.4 Polearms
 - Level 16.0 Dodging
 - Level 6.0 Stealth
 - Level 10.0 Spellcasting
   Level 0.7 Conjurations
 + Level 4.7 Hexes
 - Level 13.0 Charms
 - Level 6.0 Summonings
 - Level 6.0 Translocations
 - Level 8.0 Ice Magic
 - Level 6.0 Air Magic
 - Level 8.0 Invocations
 - Level 2.0 Evocations


You had 3 spell levels left.
You knew the following spells:

 Your Spells              Type           Power        Failure   Level  Hunger
a - Freeze                Ice            ####         1%          1    None
b - Blink                 Tloc           N/A          1%          2    None
g - Passage of Golubria   Tloc           N/A          14%         4    ####...
h - Haste                 Chrm           #####...     12%         6    #######
i - Summon Ice Beast      Ice/Summ       ###.....     10%         4    ####...
m - Deflect Missiles      Chrm/Air       ####......   52%         6    #######
o - Ozocubu's Armour      Chrm/Ice       ####....     1%          3    ##.....
s - Condensation Shield   Ice            ####......   8%          4    ####...
S - Silence               Hex/Air        ###.......   61%         5    #####..


Dungeon Overview and Level Annotations

Branches:
Dungeon (15/15)            Temple (1/1) D:5            Lair (8/8) D:8
 Shoals (4/4) Lair:4        Snake (4/4) Lair:5        Slime (0/6) Lair:7
    Orc (0/4) D:9          Vaults (5/5) D:14
  Crypt: Vaults:2-3  Depths: D:15

Altars:
Ashenzari
Cheibriados
Dithmenos
Elyvilon
Gozag
Makhleb
Nemelex Xobeh
Okawaru
Ru
Sif Muna
Trog
Vehumet
Yredelemnul
Zin
The Shining One

Shops:
D:14 [   Snake:2 [   Vaults:3 %

Portals:
Trove: D:12 (give +3 ice dragon armour)

Annotations:
D:4 1 runed door
D:9 Gastronok
D:10 4thArraOfDagon's ghost, experienced TrCK
Snake:3 Vashnia
Vaults:4 Frances


Innate Abilities, Weirdness & Mutations

You revert to your normal form in water.
You are very nimble and swift while swimming.
Your flesh is cold resistant.


Message History

Your magical contamination has completely faded away.
Your passage of Golubria closes with a snap!
Unknown command.
Drink which item? (? for menu, Esc to quit)
Okay, then.
Read which item? (? for menu, Esc to quit)
Okay, then.
Drink which item? (? for menu, Esc to quit)
Okay, then.
Unknown command.
You miss the quicksilver dragon.
The quicksilver dragon is severely wounded.
The halberd of protection hits you from afar!
* * * LOW HITPOINT WARNING * * *
The quicksilver dragon misses you. The quicksilver dragon claws you.
* * * LOW HITPOINT WARNING * * *
The quicksilver dragon breathes dispelling energy at you.
The bolt of dispelling energy misses you.
The ancient lich touches you.
You die...

###.. .... ... ..
#######################.
.^......p.p.............
.......D2(c........O....
......{@p)2)............
........LDe..C...(.(....
#######################ยง
..... ..... ..#### .


You could see 2 ironheart preservers, a titan, an ancient lich, a cacodemon, 2
quicksilver dragons, a blizzard demon, an ironbrand convoker, a yaktaur, a deep
elf fighter and a halberd of protection.

Vanquished Creatures
  Sojobo (Vaults:3)
  Frederick (Vaults:4)
  A tentacled monstrosity (Vaults:5)
  A quicksilver dragon (Vaults:5)
  2 sphinxes
  A shadow dragon (Vaults:3)
  3 tengu reavers
  A greater naga (Snake:3)
  Donald (Snake:1)
  Maud (Lair:4)
  An orc warlord (Vaults:4)
  A draconian knight (Vaults:4)
  A frost giant (Vaults:3)
  3 vault wardens
  3 stone giants
  7 ironheart preservers
  A spriggan defender (Vaults:4)
  Nessos (Lair:8)
  A salamander stormcaller (Vaults:4)
  Snorg (Lair:3)
  An ettin (Vaults:2)
  4 merfolk impalers
  3 merfolk javelineers (Shoals:4)
  A minotaur (Lab)
  24 vault guards (Vaults:4)
  3 fire dragons
  5 great orbs of eyes
  2 yaktaur captains (Vaults:4)
  3 hydras
  5 naga warriors
  A rakshasa (D:14)
  An entropy weaver (Vaults:2)
  A merfolk avatar (Shoals:3)
  5 anacondas
  A merfolk aquamancer (Shoals:4)
  7 centaur warriors
  A queen ant (Lair:1)
  A deep troll shaman (Vaults:2)
  8 ogre magi
  4 naga sharpshooters
  2 shock serpents
  A deep troll earth mage (Vaults:4)
  A deep elf knight (Vaults:2)
  A salamander mystic (Snake:2)
  10 skeletal warriors
  A large abomination (Vaults:2)
  An unseen horror (D:12)
  9 deep trolls
  An unseen horror (shapeshifter) (Vaults:4)
  A fire crab (Vaults:4)
  4 sea snakes
  A deep elf summoner (Vaults:3)
  2 naga ritualists (Snake:3)
  7 ironbrand convokers
  A deep elf conjurer (Vaults:2)
  A phantasmal warrior (Vaults:4)
  4 mana vipers
  4 hill giants
  15 harpies
  6 orc knights
  3 wolf spiders
  An orc sorcerer (Vaults:2)
  4 manticores
  7 fauns
  5 griffons
  4 ugly things
  5 cyclopes (Shoals:1)
  2 water nymphs (Shoals:3)
  2 sirens
  14 elephants
  8 salamanders
  4 vault sentinels
  7 naga magi
  Joseph (D:10)
  A spiny frog (shapeshifter) (Vaults:3)
  2 guardian serpents
  Psyche (D:11)
  18 black mambas
  19 yaktaurs
  17 spiny frogs
  3 komodo dragons
  A kobold demonologist (Vaults:2)
  2 fire drakes
  A fire drake (shapeshifter) (Vaults:4)
  4 trolls
  8 merfolk
  3 deep elf priests
  5 giant leeches (Lair:8)
  A harpy skeleton (D:14)
  10 two-headed ogres
  31 blink frogs
  A wind drake (Shoals:1)
  4 freezing wraiths
  A slime creature (D:9)
  4 snapping turtles
  5 boulder beetles
  A trapdoor spider (D:10)
  Sigmund (D:5)
  A tarantella (shapeshifter) (D:14)
  12 yaks
  A water elemental (Shoals:1)
  3 wraiths
  A basilisk (D:15)
  6 deep elf magi
  2 wyverns
  A hill giant zombie (D:9)
  A spriggan (shapeshifter) (D:14)
  A hungry ghost (D:9)
  A steam dragon (D:11)
  2 fire bats (Lair:2)
  12 hippogriffs
  4 vampire mosquitoes
  2 wargs (Vaults:4)
  A yak (shapeshifter) (Vaults:2)
  2 mottled dragons
  A golden eye (shapeshifter) (Vaults:3)
  22 nagas
  6 deep elf fighters (Vaults:3)
  5 water moccasins
  7 porcupines
  3 wolves (Lair:5)
  20 soldier ants (Lair:1)
  6 sky beasts
  2 eyes of draining
  2 ice beasts
  22 orc warriors
  5 phantoms
  A wasp (D:7)
  A necrophage (D:8)
  17 centaurs
  30 ogres
  12 crocodiles
  4 big kobolds
  A brain worm (Lair:5)
  29 giant frogs
  A wyvern skeleton (D:13)
  4 scorpions
  A troll zombie (D:9)
  19 wights
  2 electric eels (Lair:8)
  2 centaur zombies
  4 crimson imps
  13 orc priests
  Crazy Yiuf (D:6)
  A giant frog skeleton (D:7)
  10 hounds
  13 orc wizards
  6 centaur skeletons
  9 jellies
  30 worker ants
  11 iguanas
  13 sheep
  5 ogre zombies (D:9)
  3 hound skeletons
  2 worker ant zombies
  Robin (D:2)
  6 gnolls
  7 adders
  29 river rats
  A shadow imp (D:9)
  5 oozes
  An adder zombie (D:8)
  A worm (D:4)
  71 orcs
  4 bats
  A giant cockroach (D:4)
  18 goblins
  5 hobgoblins
  9 kobolds
  4 quokkas
  4 giant geckos
  4 giant newts
  A goblin skeleton (D:9)
  4 goblin zombies (D:9)
  3 hobgoblin zombies (D:9)
  6 jackals
  2 orc skeletons (D:9)
  11 orc zombies (D:9)
  A quokka zombie (D:8)
  5 rats
1001 creatures vanquished.

Vanquished Creatures (collateral kills)
  A tentacled monstrosity (Vaults:3)
  A vault warden (Vaults:4)
  An ironheart preserver (Vaults:4)
  The ghost of emiel the Fighter, a powerful HuBe of Trog (Lair:4)
  A hydra (Lair:4)
  An anaconda (Snake:3)
  A naga sharpshooter (Snake:3)
  2 ugly things (Vaults:2)
  A mana viper (Snake:3)
  An orc knight (Vaults:4)
  A wolf spider (Vaults:1)
  An elephant (Lair:4)
  3 cyclopes (Shoals:1)
  A vault sentinel (Vaults:5)
  A black mamba (Snake:3)
  A merfolk (Shoals:2)
  2 two-headed ogres (Vaults:2)
  A yak (Lair:4)
  2 orc warriors (Vaults:4)
  A giant frog (Lair:8)
  4 orcs
29 creatures vanquished.

Vanquished Creatures (others)
  A fire giant (Vaults:4)
  An ironbrand convoker (Vaults:4)
  A wizard (D:8)
  A water nymph (Shoals:4)
  An eye of draining (shapeshifter) (Vaults:4)
  20 fungi
  18 plants
43 creatures vanquished.

Grand Total: 1073 creatures vanquished

Notes
Turn   | Place    | Note
--------------------------------------------------------------
     0 | D:1      | Kolbur the Merfolk Ice Elementalist began the quest for the Orb.
     0 | D:1      | Reached XP level 1. HP: 13/13 MP: 3/3
   387 | D:2      | Reached XP level 2. HP: 17/19 MP: 1/5
   388 | D:2      | Reached skill level 4 in Ice Magic
   474 | D:2      | Found a faded altar to an unknown god.
   476 | D:2      | Noticed Robin
   557 | D:2      | Reached XP level 3. HP: 13/24 MP: 0/6
   698 | D:2      | Killed Robin
   711 | D:2      | Reached skill level 5 in Ice Magic
   760 | D:2      | HP: 1/24 [jackal (2)]
  1164 | D:3      | Reached XP level 4. HP: 18/30 MP: 5/7
  1166 | D:3      | Reached skill level 1 in Polearms
  1193 | D:3      | Learned a level 3 spell: Ozocubu's Armour
  1393 | D:5      | Entered Level 5 of the Dungeon
  1417 | D:4      | Reached XP level 5. HP: 30/35 MP: 4/8
  1437 | D:4      | Learned a level 4 spell: Condensation Shield
  1529 | D:4      | Found a glowing golden altar of the Shining One.
  1529 | D:4      | Found a runed door.
  1529 | D:4      | Noticed an angel
  1564 | D:4      | Reached skill level 5 in Polearms
  1700 | D:4      | Reached skill level 6 in Polearms
  1700 | D:4      | Reached XP level 6. HP: 41/41 MP: 3/9
  1789 | D:5      | Found a staircase to the Ecumenical Temple.
  1797 | Temple   | Entered the Ecumenical Temple
  1809 | Temple   | Became a worshipper of Makhleb the Destroyer
  1824 | D:5      | Noticed a phantom
  2173 | D:5      | Reached skill level 7 in Polearms
  2273 | D:5      | Noticed a sky beast
  2405 | D:6      | Killed a phantom
  2405 | D:6      | Reached skill level 1 in Fighting
  2405 | D:6      | Reached XP level 7. HP: 37/48 MP: 10/10
  2414 | D:6      | Noticed Crazy Yiuf
  2422 | D:6      | Killed Crazy Yiuf
  2585 | D:6      | Reached skill level 8 in Polearms
  2621 | D:5      | Noticed Sigmund
  2633 | D:5      | Killed Sigmund
  2667 | D:5      | Reached skill level 9 in Polearms
  2748 | D:5      | Killed a sky beast
  2748 | D:5      | Reached XP level 8. HP: 30/57 MP: 3/11
  2878 | D:7      | Acquired Makhleb's first power
  2878 | D:7      | Reached skill level 10 in Polearms
  3074 | D:7      | Reached skill level 11 in Polearms
  3091 | D:7      | Got a translucent dagger
  3092 | D:7      | Identified the +2 dagger of Causality {pierce, Str+3 Int+4} (You found it on level 7 of the Dungeon)
  3251 | D:7      | Paralysed by a wasp for 3 turns
  3256 | D:7      | Reached skill level 12 in Polearms
  3324 | D:6      | Reached XP level 9. HP: 42/63 MP: 9/12
  3366 | D:7      | Acquired Makhleb's second power
  3416 | D:7      | Reached skill level 13 in Polearms
  3567 | D:8      | Found a bloodstained altar of Trog.
  3569 | D:8      | Noticed a wizard
  3575 | D:8      | Killed a wizard
  3831 | D:8      | Reached skill level 14 in Polearms
  3957 | D:8      | Noticed a hill giant
  3976 | D:8      | Killed a hill giant
  3976 | D:8      | Reached skill level 5 in Dodging
  4020 | D:8      | Acquired Makhleb's third power
  4046 | D:8      | Reached XP level 10. HP: 71/73 MP: 13/13
  4118 | D:8      | Reached skill level 5 in Fighting
  4210 | D:9      | Found a staircase to the Orcish Mines.
  4258 | D:9      | Noticed Gastronok
  4406 | D:9      | Gained mutation: Your flesh is cold resistant. [potion of beneficial mutation]
  4432 | D:9      | Acquired Makhleb's fourth power
  4453 | D:9      | Got a bloodstained trident
  4454 | D:9      | Identified the +9 trident of Hacking and Slashing {freeze, rC+} (You found it on level 9 of the Dungeon)
  4481 | D:9      | Reached skill level 15 in Polearms
  4518 | D:9      | Reached skill level 1 in Invocations
  4753 | D:10     | Entered Level 10 of the Dungeon
  4761 | D:10     | Found a shattered altar of Ashenzari.
  4833 | D:10     | Noticed 4thArraOfDagon's ghost (experienced TrCK)
  4892 | D:10     | Noticed Joseph
  4914 | D:10     | Killed Joseph
  4974 | D:10     | Found a flagged portal.
  4986 | D:10     | Acquired Makhleb's fifth power
  5007 | Bailey   | Entered a bailey
  5115 | Bailey   | Reached XP level 11. HP: 60/84 MP: 10/14
  5217 | D:10     | Noticed a hill giant
  5500 | D:11     | Reached skill level 5 in Invocations
  5546 | D:11     | Noticed a hill giant
  5572 | D:11     | Killed a hill giant
  5732 | D:11     | Reached skill level 10 in Dodging
  5742 | D:11     | Noticed Psyche
  5765 | D:11     | Killed Psyche
  5841 | D:12     | Noticed a hill giant
  5856 | D:12     | Killed a hill giant
  6143 | D:7      | Found a glowing golden altar of the Shining One.
  6297 | D:8      | Found a staircase to the Lair.
  6306 | Lair:1   | Entered Level 1 of the Lair of Beasts
  6522 | Lair:2   | Noticed a six-headed hydra
  6652 | Lair:1   | Reached XP level 12. HP: 93/97 MP: 13/17
  6755 | Lair:1   | Noticed a queen ant
  6841 | Lair:1   | Reached skill level 10 in Fighting
  6847 | Lair:1   | Learned a level 4 spell: Summon Ice Beast
  6900 | Lair:1   | Reached skill level 1 in Summonings
  6971 | Lair:1   | Killed a queen ant
  7485 | Lair:2   | Killed a six-headed hydra
  7786 | Lair:3   | Noticed Snorg
  7804 | Lair:3   | Killed Snorg
  7836 | Lair:3   | Reached XP level 13. HP: 72/106 MP: 1/19
  8015 | Lair:3   | Reached skill level 5 in Summonings
  8174 | Lair:4   | Noticed emiel's ghost (powerful HuBe)
  8207 | Lair:4   | Killed emiel's ghost
  8371 | Lair:5   | Found a staircase to the Snake Pit.
  8554 | Lair:5   | Learned a level 2 spell: Sublimation of Blood
  8944 | Lair:4   | Found a staircase to the Shoals.
  9326 | Lair:8   | Entered Level 8 of the Lair of Beasts
  9326 | Lair:8   | Found a labyrinth entrance.
  9334 | Lab      | Entered a labyrinth
  9401 | Lab      | Noticed a minotaur
  9421 | Lab      | Killed a minotaur
  9434 | Lab      | Identified the Catalogue of Malediction
  9461 | Lab      | Identified Geohaub's Volume of Earth and Transformation
  9471 | Lab      | Got a vibrating lead ring
  9473 | Lab      | Identified the ring "Azeyrrupp" {SustAt +Inv MR+ Int-5 Dex+6} (You found it in a labyrinth)
  9495 | Lair:8   | Noticed Nessos
  9558 | Lair:7   | Reached skill level 5 in Stealth
  9647 | Lair:7   | Found a staircase to the Slime Pits.
  9812 | Lair:8   | Reached XP level 14. HP: 118/118 MP: 7/20
  9828 | Lair:8   | Reached skill level 15 in Dodging
 10115 | Lair:8   | Reached skill level 1 in Charms
 10176 | Lair:8   | Killed Nessos
 10238 | Lair:8   | Learned a level 6 spell: Haste
 10344 | Lair:4   | Upgraded the game from 0.17-a0-1763-g847a857 to 0.17-a0-1767-gccbed74
 10345 | Shoals:1 | Entered Level 1 of the Shoals
 10345 | Shoals:1 | Found a bloodstained altar of Trog.
 10559 | Shoals:1 | Reached skill level 5 in Charms
 10698 | Shoals:1 | Reached skill level 16 in Dodging
 10744 | Shoals:1 | Found an opulent altar of Gozag.
 10885 | Shoals:4 | Entered Level 4 of the Shoals
 11001 | Shoals:4 | Reached XP level 15. HP: 126/126 MP: 1/21
 11056 | Shoals:4 | Got a barnacled rune of Zot
 11372 | Lair:4   | Noticed Maud
 11506 | Lair:4   | Killed Maud
 11643 | Snake:1  | Entered Level 1 of the Snake Pit
 11664 | Snake:1  | Noticed Donald
 11669 | Snake:1  | Reached skill level 10 in Charms
 11691 | Snake:1  | Killed Donald
 11828 | Snake:2  | Noticed an Executioner
 12248 | Snake:3  | Noticed a greater naga
 12475 | Snake:3  | Reached skill level 5 in Spellcasting
 12779 | Snake:3  | Noticed Vashnia
 12906 | Snake:2  | Found Xugair's Armour Boutique.
 13111 | Snake:3  | Reached XP level 16. HP: 134/134 MP: 3/25
 13303 | Snake:3  | Killed a greater naga
 13303 | Snake:3  | Reached skill level 1 in Evocations
 13311 | Snake:3  | Learned a level 6 spell: Deflect Missiles
 13372 | Snake:3  | Noticed a greater naga
 13397 | Snake:3  | Reached skill level 15 in Fighting
 13527 | Snake:4  | Entered Level 4 of the Snake Pit
 13530 | Snake:4  | Got a serpentine rune of Zot
 13553 | Snake:4  | Reached skill level 1 in Air Magic
 13558 | Snake:3  | Noticed a greater naga
 13558 | Snake:3  | Noticed a greater naga
 13564 | Snake:3  | Noticed a greater naga
 13742 | Lair:5   | Identified a scroll of acquirement
 14025 | D:12     | Noticed an unseen horror
 14030 | D:12     | Killed an unseen horror
 14161 | D:12     | Found a portal to a secret trove of treasure.
 14454 | D:14     | Found Cesoreutec's Antique Armour Shoppe.
 14532 | D:14     | Bought a pair of embroidered gloves for 171 gold pieces
 14537 | D:14     | Bought a pair of embroidered gloves for 171 gold pieces
 14564 | D:15     | Entered Level 15 of the Dungeon
 14607 | D:14     | Learned a level 2 spell: Blink
 14737 | D:14     | Found a gate to the Vaults.
 14743 | Vaults:1 | Entered Level 1 of the Vaults
 14960 | Vaults:1 | Reached skill level 5 in Air Magic
 15405 | Vaults:2 | Learned a level 4 spell: Passage of Golubria
 15428 | Vaults:2 | Reached skill level 1 in Translocations
 15483 | Vaults:2 | Reached XP level 17. HP: 142/142 MP: 17/29
 16137 | Vaults:3 | Noticed Sojobo
 16457 | Vaults:2 | Reached skill level 5 in Translocations
 16559 | Vaults:2 | Reached skill level 10 in Spellcasting
 16839 | Vaults:3 | Noticed a tentacled monstrosity
 16871 | Vaults:3 | Killed a tentacled monstrosity
 17018 | Vaults:3 | Paralysed by a great orb of eyes for 5 turns
 17255 | Vaults:3 | Found Fuuv Tae's Food Emporium.
 17354 | Vaults:3 | Reached skill level 17 in Polearms
 17533 | Vaults:3 | Killed Sojobo
 17533 | Vaults:3 | Reached XP level 18. HP: 149/149 MP: 13/32
 17543 | Vaults:3 | Reached skill level 18 in Polearms
 17839 | Vaults:4 | Reached skill level 19 in Polearms
 18132 | Vaults:3 | Learned a level 5 spell: Silence
 18169 | Vaults:4 | Reached skill level 20 in Polearms
 18280 | Vaults:5 | Entered Level 5 of the Vaults
 18411 | Vaults:4 | Noticed Frederick
 18419 | Vaults:4 | Noticed Frances
 18456 | Vaults:4 | Killed Frederick
 18456 | Vaults:4 | Reached skill level 21 in Polearms
 18867 | Vaults:4 | Reached skill level 1 in Hexes
 18890 | Vaults:4 | Reached skill level 22 in Polearms
 18948 | Vaults:5 | Noticed a tentacled monstrosity
 18964 | Vaults:4 | Reached XP level 19. HP: 155/155 MP: 7/33
 19253 | Vaults:5 | Killed a tentacled monstrosity
 19264 | Vaults:5 | Noticed an ancient lich
 19304 | Vaults:5 | HP: 7/155 [halberd of protection (14)]
 19304 | Vaults:5 | Slain by an ancient lich

Vault maps used:
D:1:      dpeg_arrival_rooms_a, minivault_14
D:2:      ecumenical_altar_1, serial_bayou_crossing, uniq_robin
D:3:      minmay_bad_closet
D:4:      first_bread, lemuel_angel_altar
D:5:      minmay_temple_entry_glassed_door, uniq_sigmund
D:6:      uniq_crazy_yiuf_cottage
D:7:      lemuel_zombie_altar_kikubaaqudgha, basic_altar
D:8:      minmay_imperfect_grid, grunt_ogre_cave, trog_wizard
D:9:      minmay_opposing_rooms, zombieorc2_lemuel, uniq_gastronok
D:10:     enter_bailey_3, david_defended_altar_elf, uniq_joseph, uniq_josephine
D:11:     uniq_psyche
D:12:     enter_trove_6, minmay_misc_feat_chi, grunt_ministairs_9
D:13:     grunt_qazlal_sundering
D:14:     hangedman_vaults_entry_quadrant_bands, serial_shops, shop,
          minmay_staircase_windowed_small
D:15:     grunt_enter_depths_snipers, lemuel_crystal_altar, uniq_urug
Temple:   dpeg_three_leaves_temple_18
Lair:1:   eino_small_chamber_without_monster, minivault_29
Lair:2:   grunt_megastairs_2
Lair:3:   grunt_megastairs_4, uniq_snorg
Lair:4:   minmay_shoals_entry_beasts, serial_bayou_shore_a, uniq_maud
Lair:5:   guppyfry_snake_entry_garden
Lair:6:   columned_hall_lemuel
Lair:7:   nicolae_slime_entry_slimehenge, lemuel_fruit_tree
Lair:8:   minmay_lair_end_frog_pond, lab_entry_generic,
          nicolae_quartered_pool_super, st_stairs_12,
          hangedman_lair_unloving_vines, uniq_nessos
Shoals:1: hangedman_feature_mirror, st_cyclops
Shoals:2: nicolae_shoals_flooded_hall, uniq_roxanne
Shoals:3: serial_shops, nicolae_shop_behind_doors
Shoals:4: shoals_end_hangedman, shoal_ilsuiw, nicolae_shoals_cliffside_cave
Snake:1:  nrook_guardian_serpent_snake_passage, serial_bayou_pond_d,
          grunt_ministairs_6, uniq_donald
Snake:2:  serial_shops, shop, st_stairs_6
Snake:3:  nicolae_cobra_stairs, uniq_vashnia
Snake:4:  snake_pit, serial_shops, shop, uniq_agnes
Vaults:1: vaults_room_hangedman_quadrants, v_misc_24, v_misc_1,
          dpeg_vaults_monster_row, ontoclasm_vaults_ring_small, v_misc_1,
          v_alt_pattern_3, vaults_room_hallway, hangedman_vaults_hat,
          nicolae_vaults_yaktaur_gun_rack
Vaults:2: nicolae_vaults_windows_and_doors_thing, ontoclasm_vaults_bender,
          nicolae_vaults_twisting_passages, st_lattice,
          vaults_room_grunt_arrival_ludios, grunt_vaults_swirl, v_pattern_4,
          hangedman_vaults_capsules, nicolae_vaults_circle_grid_b,
          grunt_vaults_diagonal, ontoclasm_vaults_loading_screen,
          ontoclasm_vaults_ring_small
Vaults:3: v_misc_18, minmay_crypt_entry_skeletal_spiral, ontoclasm_vaults_spin,
          st_more_cells, vaults_mumra_hexcomb, ontoclasm_vaults_shuriken,
          nicolae_vaults_little_squares_1, v_misc_26,
          ontoclasm_vaults_claustrophobia, nicolae_vaults_little_squares_4,
          serial_shops, shop_statue, uniq_sojobo
Vaults:4: v_pattern_1, vaults_room_octagon, nicolae_vaults_border_crossing,
          hangedman_vaults_corner_blocks, v_misc_27, v_misc_2, v_misc_30,
          vaults_room_stairs_pillars, ontoclasm_vaults_loading_screen,
          vaults_dpeg_encased_lava, v_misc_24, vaults_mumra_chevron,
          nicolae_vaults_little_squares_2, vaults_room_boxed, sword_in_stone,
          nicolae_vaults_theta
Vaults:5: serial_shops
Lab:      nicolae_lab_dead_adventurers, labyrinth_lava_lair,
          nicolae_lab_do_over, nicolae_lab_dead_end, nicolae_lab_quarters,
          nicolae_lab_stuck
Bailey:   bailey_polearm_5, bailey

Action                   |  1- 3 |  4- 6 |  7- 9 | 10-12 | 13-15 | 16-18 | 19-21 || total
-------------------------+-------+-------+-------+-------+-------+-------+-------++-------
Melee: Dagger            |    16 |       |       |       |       |       |       ||    16
       Unarmed           |     1 |       |       |       |       |       |       ||     1
       Spear             |    20 |     4 |       |       |       |       |       ||    24
       Trident           |       |    67 |   133 |   793 |  1349 |  1674 |       ||  4016
       Scythe            |       |       |    98 |    64 |       |       |       ||   162
       Demon trident     |       |       |       |       |       |    20 |       ||    20
       Bardiche          |       |       |       |       |       |   280 |   138 ||   418
 Fire: Blowgun           |       |       |       |    64 |    18 |       |       ||    82
Throw: Tomahawk          |     9 |    14 |     7 |    19 |     1 |       |       ||    50
       Stone             |       |       |     5 |     3 |       |       |       ||     8
       Javelin           |       |       |       |       |     9 |    16 |       ||    25
 Cast: Freeze            |    49 |    52 |    71 |    75 |    39 |    19 |       ||   305
       Ozocubu's Armour  |       |     6 |       |    18 |    67 |    61 |     3 ||   155
       Condensation Shie |       |       |     3 |    26 |    37 |    37 |     2 ||   105
       Summon Ice Beast  |       |       |       |     3 |    43 |    41 |       ||    87
       Haste             |       |       |       |       |     2 |    21 |     3 ||    26
       Deflect Missiles  |       |       |       |       |       |     2 |       ||     2
       Blink             |       |       |       |       |       |     6 |     1 ||     7
       Passage of Golubr |       |       |       |       |       |     4 |     3 ||     7
       Silence           |       |       |       |       |       |       |     1 ||     1
Invok: Major Destruction |       |       |       |     2 |     2 |     1 |       ||     5
       Greater Servant o |       |       |       |       |     2 |     2 |       ||     4
 Abil: Evoke Invisibilit |       |       |       |       |     2 |       |       ||     2
Evoke: Wand              |       |       |       |     1 |     5 |     2 |       ||     8
       Phial of floods   |       |       |       |       |     4 |     5 |     1 ||    10
       Staff of energy   |       |       |       |       |    13 |    17 |       ||    30
       Fan of gales      |       |       |       |       |     1 |     1 |       ||     2
  Use: Scroll            |     2 |     1 |     7 |    11 |    17 |    18 |     2 ||    58
       Potion            |       |       |     2 |     2 |     9 |     4 |     9 ||    26
 Stab: Sleeping          |     5 |     2 |     5 |    31 |    15 |    24 |       ||    82
       Distracted        |       |     1 |     1 |     1 |     4 |    12 |     2 ||    21
       Invisible         |       |       |       |       |    14 |       |       ||    14
  Eat: Chunk             |     1 |     1 |     2 |     6 |       |    13 |     3 ||    26
       Bread ration      |       |     1 |       |       |       |     2 |       ||     3
       Meat ration       |       |       |     1 |     3 |     7 |     2 |       ||    13
       Pizza             |       |       |     1 |       |     1 |     1 |       ||     3
       Beef jerky        |       |       |       |     1 |     3 |     7 |       ||    11
       Royal jelly       |       |       |       |     1 |       |     1 |       ||     2
       Fruit             |       |       |       |       |       |     1 |       ||     1
